 Dungeon Crawl Stone Soup version 0.21.1-1-g345015f (webtiles) character file.

384 kae the Insei (level 6, -9/41 HPs)
             Began as an Octopode Transmuter on June 14, 2018.
             Mangled by an ogre
             ... wielding a cursed -2 giant spiked club
              (25 damage)
             ... on level 4 of the Dungeon.
             The game lasted 00:04:12 (3592 turns).

kae the Insei (Octopode Transmuter)                 Turns: 3592, Time: 00:04:13

Health: -9/41      AC:  2    Str:  9    XL:     6   Next: 77%
Magic:  7/10       EV: 21    Int: 15    God:
Gold:   254        SH:  0    Dex: 20    Spells: 5/11 levels left

rFire    . . .     SeeInvis .     - Unarmed
rCold    . . .     Gourm    .   (shield currently unavailable)
rNeg     . . .     Faith    .   (helmet currently unavailable)
rPois    x         Spirit   .   (no amulet)
rElec    .         Reflect  .   f - ring of protection from magic
rCorr    .         Harm     .   h - ring of flight
MR       +....                  (no ring)
Stlth    ++........             (no ring)
HPRegen  0.13/turn              (no ring)
MPRegen  0.12/turn              (no ring)
                                (no ring)
                                (no ring)

@: spider-form
A: tiny, almost no armour, stealthy swim, (amphibious), 8 rings, (constrict 8)
a: End Transformation, Evoke Flight


You were on level 4 of the Dungeon.
You were not hungry.
You were a venomous arachnid creature.
You visited 1 branch of the dungeon, and saw 4 of its levels.

You collected 254 gold pieces.

Inventory:

Missiles
 a - 52 arrows
Jewellery
 f - a ring of protection from magic (left front leg)
 h - a ring of flight (right front leg)
Scrolls
 d - a scroll of amnesia
 j - 2 scrolls of teleportation
Potions
 e - a potion of ambrosia
 i - 2 potions of heal wounds
 l - a potion of lignification
Books
 b - a book of Changes

   Spells                             Type                      Level
   a - Beastly Appendage              Transmutation                1
   b - Sticks to Snakes               Transmutation                2
   c - Spider Form                    Transmutation/Poison         3
   d - Ice Form                       Ice/Transmutation            4
   e - Blade Hands                    Transmutation                5
Comestibles
 c - 7 rations


   Skills:
 + Level 2.8 Fighting
 + Level 3.3 Dodging
 * Level 4.9 Unarmed Combat
 + Level 3.1 Spellcasting
 + Level 3.2 Transmutations


You had 5 spell levels left.
You knew the following spells:

 Your Spells              Type           Power        Failure   Level  Hunger
a - Beastly Appendage     Tmut           ##....       16%         1    #......
b - Sticks to Snakes      Tmut           ##......     21%         2    ##.....
c - Spider Form           Tmut/Pois      #.........   52%         3    ###....


Dungeon Overview and Level Annotations

Branches:
Dungeon (4/15)
 Temple: D:4-7

Altars:
Kikubaaqudgha
Vehumet
Yredelemnul
The Shining One

Annotations:
D:3 kae's ghost, amateur DsTm


Innate Abilities, Weirdness & Mutations

You cannot wear most types of armour.
You are very stealthy in the water. (Stealth+)
((You are amphibious.))
You can wear up to eight rings at the same time.
((You can use your tentacles to constrict eight enemies at once.))
((Your skin changes colour to match your surroundings (Stealth+).))
((Your rubbery body absorbs attacks. (AC +1, EV +1)))


Message History

Casting: Spider Form
Confirm with . or Enter, or press ? or * to list all spells.
You turn into a venomous arachnid creature.
The ogre shouts!
The ogre closely misses you.
You hit the ogre.
The ogre is lightly wounded.
You hit the ogre.
The ogre is moderately wounded.
The ogre hits you with a giant spiked club!!
Ouch! That really hurt!
You are too injured to fight recklessly!
You are too injured to fight recklessly!
You are too injured to fight recklessly!
You are too injured to fight recklessly!
You hit the ogre.
The ogre is poisoned.
The ogre is moderately wounded.
The ogre hits you with a giant spiked club!!
Ouch! That really hurt!
You die...

## #. #( ##+# #.
######..## ##
#.?......# #..Os....#
# #######.#### #
#..####.#..# #
#..........#
#..........#
#..........#
#....[....###########
#.........##.....#..#
#....................


You could see an ogre.

Vanquished Creatures
  A scorpion (D:4)
  A hound (D:4)
  2 orc priests
  A centaur skeleton (D:4)
  A bullfrog skeleton (D:4)
  4 worker ants (D:4)
  3 adders
  4 worms
  2 leopard geckos (D:1)
  9 orcs
  4 hobgoblins
  5 jackals (D:2)
  2 kobolds (D:1)
  A ball python (D:1)
  6 bats
  3 frilled lizards
  5 goblins
  3 rats (D:2)
  A spectral orc (D:3)
58 creatures vanquished.

Vanquished Creatures (others)
  A human (D:2)
1 creature vanquished.

Grand Total: 59 creatures vanquished

Notes
Turn   | Place    | Note
-------+----------+-------------------------------------------
     0 | D:1      | kae the Octopode Transmuter began the quest for the Orb.
     0 | D:1      | Reached XP level 1. HP: 13/13 MP: 3/3
   151 | D:1      | Reached XP level 2. HP: 18/18 MP: 3/5
   681 | D:1      | Learned a level 2 spell: Sticks to Snakes
   717 | D:2      | Reached XP level 3. HP: 22/23 MP: 6/6
   724 | D:2      | Learned a level 3 spell: Spider Form
   934 | D:2      | Reached XP level 4. HP: 23/29 MP: 3/7
  1120 | D:2      | Found a radiant altar of Vehumet.
  1316 | D:2      | Found an ancient bone altar of Kikubaaqudgha.
  1317 | D:2      | Noticed a human
  1319 | D:2      | Killed a human
  1514 | D:2      | Found a faded altar of an unknown god.
  1757 | D:3      | Noticed kae's ghost (amateur DsTm)
  1952 | D:3      | Reached skill level 4 in Unarmed Combat
  1952 | D:3      | Reached XP level 5. HP: 28/34 MP: 3/8
  2774 | D:4      | Reached XP level 6. HP: 41/41 MP: 6/10
  2919 | D:3      | Found a basalt altar of Yredelemnul.
  3090 | D:3      | Found a glowing golden altar of the Shining One.
  3592 | D:4      | Mangled by an ogre

Skill      XL: |  1  2  3  4  5  6 |
---------------+-------------------+-----
Fighting       | 2 |  2.8
Unarmed Combat | 4 |  4.9
Dodging        | 3 |  3.3
Transmutations | 3 |  3.2
Spellcasting   | 3 |  3.1

Action                   |  1- 3 |  4- 6 || total
-------------------------+-------+-------++-------
Melee: Unarmed           |    43 |   106 ||   149
       Kick              |    11 |    15 ||    26
       Constrict         |    10 |    18 ||    28
       Tentacles         |     4 |    12 ||    16
       Punch             |     1 |     2 ||     3
 Cast: Beastly Appendage |    16 |    15 ||    31
       Spider Form       |     1 |     7 ||     8
  Use: Scroll            |       |    10 ||    10
       Potion            |       |     1 ||     1
 Stab: Sleeping          |     4 |     3 ||     7
  Eat: Chunk             |       |     7 ||     7
       Ration            |       |     1 ||     1
Armor: Skin              |     6 |     5 ||    11
Dodge: Dodged            |    32 |    52 ||    84
